 Dungeon Crawl Stone Soup version 0.31.0-11-ge490571c62 (webtiles) character file.

Game seed: 14001721035952915096

20 browni3141 the Slasher (level 2, -1/24 HPs)
             Began as a Barachi Monk on Feb 3, 2024.
             Incinerated by a bombardier beetle (6 damage)
             ... with a burning spray
             ... on level 3 of the Dungeon.
             The game lasted 00:01:51 (264 turns).

browni3141 the Slasher (Barachi Monk)                Turns: 264, Time: 00:01:51

Health: -1/24      AC:  6    Str: 12    XL:     2   Next: 79%
Magic:  5/5        EV: 13    Int: 10    God:
Gold:   38         SH:  0    Dex: 14    Spells: 5/5 levels left

rFire   . . .        a - +0 falchion
rCold   . . .        d - orb {light}
rNeg    . . .        b - +0 robe
rPois   .            (no helmet)
rElec   .            (no cloak)
rCorr   .            (no gloves)
SInv    .            (no boots)
Will    .....        (no amulet)
Stlth   +            i - +4 ring of protection
HPRegen 0.24/turn    (no ring)
MPRegen 0.09/turn

%: no passive effects
@: on fire, unable to hop, glowing, slow
A: amphibious, slowness 1, strong legs 1, +LOS
a: Hop


You were on level 3 of the Dungeon.
You visited 1 branch of the dungeon, and saw 3 of its levels.

You collected 38 gold pieces.

Inventory:

Hand Weapons
 a - a +0 falchion (weapon)
Armour
 b - a +0 robe (worn)
 d - an orb of light (worn)
Jewellery
 i - a +4 ring of protection (left hand)
 j - a ring of resist corrosion
Scrolls
 f - 4 scrolls of identify {unknown}
 k - a scroll of teleportation {unknown}
Potions
 c - a potion of ambrosia
 e - a potion of magic {unknown}
 g - a potion of lignification {unknown}
 h - a potion of resistance {unknown}
 l - a potion of degeneration {unknown}


   Skills:
 - Level 3.6 Fighting
 - Level 3.6 Long Blades
 - Level 3.2 Dodging
 + Level 2.3 Spellcasting


You had 5 spell levels left.
You didn't know any spells.
Your spell library was empty.

Dungeon Overview and Level Annotations

Branches:
Dungeon (3/15)

Altars:


Innate Abilities, Weirdness & Mutations

You are amphibious.
You cover ground slowly.
You can hop short distances.
You have an extended range of vision and can be seen from far away.


Message History

A quokka comes into view.
There is a stone staircase leading up here.
You climb upwards.
The kobold shouts!
You hear a shout!
There is a stone staircase leading down here.
The kobold throws a stone.
The stone hits you.
A kobold comes into view. It is wielding a +0 dagger.
You hit the kobold.
You kill the kobold!
The kobold throws a stone.
The stone hits you.
The kobold throws a stone.
The stone hits you but does no damage.
Things that are here:
a +0 short sword; 2 stones You see here a +0 ring mail.
You see here a +4 ring of protection.
i - a +4 ring of protection (left hand)
You hit the kobold.
You kill the kobold!
You see here 4 gold pieces.
You now have 17 gold pieces (gained 4).
Hop to where?
Press: ? - help, Dir - move target Boing!
There is a stone staircase leading down here.
You climb downwards.
The quokka bites you but does no damage.
The quokka closely misses you.
There is a stone staircase leading up here.
You hit the quokka.
The quokka is moderately wounded.
The quokka closely misses you.
You barely miss the quokka.
The quokka is moderately wounded.
The quokka closely misses you.
You hit the quokka.
You kill the quokka!
No target in view!
Found a stone staircase leading down.
You see here a ring of resist corrosion.
Okay, then.
j - a ring of resist corrosion You see here 10 gold pieces.
You now have 27 gold pieces (gained 10).
A quokka comes into view.
The quokka moves out of view.
You see here 11 gold pieces.
You now have 38 gold pieces (gained 11).
There is a stone staircase leading down here.
You hit the quokka.
The quokka is almost dead.
The quokka bites you. The quokka misses you.
You hit the quokka.
You kill the quokka!
You climb downwards.
There is a stone staircase leading up here.
You see here a scroll labelled LYK FES RIGU.
f - 4 scrolls labelled LYK FES RIGU (gained 1)
A rat comes into view.
The rat bites you but does no damage.
You hit the rat but do no damage. The rat bites you.
You hit the rat.
The rat is severely wounded.
The rat bites you but does no damage.
You barely miss the rat.
The rat is severely wounded.
The rat bites you.
You hit the rat.
You kill the rat!
No target in view!
You see here a scroll labelled HAOTTE ZOCAIRR.
k - a scroll labelled HAOTTE ZOCAIRR You see here a puce potion.
l - a puce potion A bombardier beetle comes into view.
You see here a +0 scale mail.
The bombardier beetle sprays incendiary fluid at you.
The burning spray hits you.
You are covered in liquid fire!
An orc and a dart slug come into view.
The orc is wielding a +0 dagger of speed.
You shake off some of the fire as you move.
The liquid fire burns you!
The bombardier beetle closely misses you.
You hit the bombardier beetle but do no damage.
The liquid fire burns you!
You hit the bombardier beetle.
The bombardier beetle is lightly wounded.
The liquid fire burns you!
You are ready to hop once more.
The bombardier beetle sprays incendiary fluid at you.
The burning spray hits you.
You are even more covered in liquid fire!
Hop to where?
Press: ? - help, Dir - move target Boing!
You shake off some of the fire as you move.
The liquid fire burns you!
You shake off some of the fire as you move.
The liquid fire burns you!
You die...

#########.# #.......#
#.#######
###.#########
#..†........#
#...........#
#.......^...#
#...........# ..
#..........@#######[..
###.########..........
#.# #.[........ #.#
#.......... #$
#..........
#°.........
.......Bw.........
.......o..........
#######........###


You could see a dart slug.

Vanquished Creatures
  2 bats (D:1)
  2 endoplasms (D:1)
  A giant cockroach (D:2)
  4 goblins
  A hobgoblin (D:1)
  2 quokkas (D:2)
  A ball python (D:1)
  A frilled lizard (D:1)
  3 kobolds (D:1)
  A rat (D:3)
18 creatures vanquished.

Notes
Turn   | Place    | Note
-------+----------+-------------------------------------------
     0 | D:1      | browni3141 the Barachi Monk began the quest for the Orb.
     0 | D:1      | Reached XP level 1. HP: 18/18 MP: 1/1
    59 | D:1      | Reached skill level 1 in Spellcasting
    92 | D:1      | Reached XP level 2. HP: 21/24 MP: 2/4
   257 | D:3      | Noticed a bombardier beetle
   264 | D:3      | Incinerated by a bombardier beetle

Illustrated notes

Levels and vault maps discovered:
D:1:      saegor_arrival_simple_b, layout_loops_ring, st_stairs_12
D:2:      layout_rooms, serial_shops, shop, hellmonk_ecumenical_altar_crossroads
D:3:      layout_basic, serial_shops, shop

Skill      XL: |  1  2 |
---------------+-------+-----
Spellcasting   | 1 2 |  2.3
Fighting       | |  3.6
Long Blades    | |  3.6
Dodging        | |  3.2

Action                     || total
---------------------------++-------
  Melee: Falchion          ||    39
Ability: Hop               ||     2
 Armour: Robe              ||    24
  Dodge: Dodged            ||    23
